 Dungeon Crawl Stone Soup version 0.21.1-1-g345015f (webtiles) character file.

5390 beigtais the Thaumaturge (level 10, -2/68 HPs)
             Began as a Demonspawn Wizard on June 20, 2018.
             Was a Priest of Vehumet.
             Slain by a two-headed ogre
             ... wielding a +0 giant club
              (24 damage)
             ... on level 10 of the Dungeon on July 10, 2018.
             The game lasted 02:00:57 (14451 turns).

beigtais the Thaumaturge (Demonspawn Wizard)       Turns: 14451, Time: 02:00:58

Health: -2/68      AC: 10    Str: 13    XL:     10   Next: 39%
Magic:  6/22       EV: 14    Int: 23    God:    Vehumet [***...]
Gold:   542        SH:  8    Dex: 11    Spells: 5/25 levels left

rFire    + . .     SeeInvis .   J - +7 dagger of Mirghom {venom, rC+ Str+5 Stlth+}
rCold    + . .     Gourm    .   F - +4 buckler "Usoricuiwo" {rElec}
rNeg     . . .     Faith    .   a - +0 robe
rPois    .         Spirit   .   (helmet unavailable)
rElec    +         Reflect  .   H - +1 cloak
rCorr    +         Harm     +   o - +2 pair of gloves
MR       .....     Clarity  +   E - +0 pair of boots
Stlth    ++++......             t - amulet of harm
HPRegen  0.21/turn              j - ring of resist corrosion
MPRegen  0.18/turn              q - ring of fire

@: very slightly contaminated
A: horns 3, iridescent scales 1, clarity, cold resistance 1, mutation resistance
1, nightstalker 1
a: Renounce Religion


You were on level 10 of the Dungeon.
You worshipped Vehumet.
Vehumet was most pleased with you.
You were not hungry.

You visited 1 branch of the dungeon, and saw 10 of its levels.

You collected 542 gold pieces.

Inventory:

Hand Weapons
 g - a +3 short sword of speed
 p - a +0 blowgun
 x - a +0 dagger of venom
 J - the +7 dagger of Mirghom (weapon) {venom, rC+ Str+5 Stlth+}
   (You found it on level 7 of the Dungeon)

   It poisons the flesh of those it strikes.
   It affects your strength (+5).
   It protects you from cold.
   It makes you more stealthy.
 P - a +0 dagger of pain
Missiles
 f - 278 stones
 k - 27 poisoned needles
 r - 3 needles of confusion
 z - 7 tomahawks (quivered)
 B - 2 throwing nets
Armour
 a - a +0 robe (worn)
 b - a +0 hat
 o - a +2 pair of gloves (worn)
 E - a +0 pair of boots (worn)
 F - the +4 buckler "Usoricuiwo" (worn) {rElec}
   (You found it on level 6 of the Dungeon)

   It insulates you from electricity.
 H - a +1 cloak (worn)
Jewellery
 j - a ring of resist corrosion (left hand)
 m - an uncursed ring of ice {unknown}
 q - a ring of fire (right hand)
 t - an amulet of harm (around neck)
 Q - an uncursed ring of teleportation
Wands
 n - a wand of paralysis (9)
 I - a wand of clouds (6)
 K - a wand of flame (30)
 L - a wand of polymorph (15)
 R - a wand of iceblast (12)
 T - a wand of acid (10)
Scrolls
 e - 5 scrolls of remove curse
 s - 2 scrolls of fog {unknown}
 w - 3 scrolls of teleportation
 D - 2 scrolls of immolation {unknown}
 O - a scroll of amnesia
Potions
 h - 6 potions of brilliance
 i - 3 potions of haste
 l - 2 potions of heal wounds
 v - a potion of cancellation
 C - a potion of agility {unknown}
 G - 4 potions of flight
 N - a potion of berserk rage {unknown}
 S - a potion of invisibility {unknown}
Books
 c - a book of Minor Magic

   Spells                             Type                      Level
   a - Magic Dart                     Conjuration                  1
   b - Blink                          Translocation                2
   c - Call Imp                       Summoning                    2
   d - Slow                           Hexes                        2
   e - Conjure Flame                  Conjuration/Fire             3
   f - Mephitic Cloud                 Conjuration/Poison/Air       3
 u - a book of Misfortune

   Spells                             Type                      Level
   a - Confusing Touch                Hexes                        1
   b - Confuse                        Hexes                        3
   c - Gell's Gravitas                Translocation                3
   d - Petrify                        Transmutation/Earth          4
   e - Metabolic Englaciation         Hexes/Ice                    5
   f - Yara's Violent Unravelling     Hexes/Transmutation          5
 y - a book of Debilitation

   Spells                             Type                      Level
   a - Corona                         Hexes                        1
   b - Slow                           Hexes                        2
   c - Inner Flame                    Hexes/Fire                   3
   d - Portal Projectile              Hexes/Translocation          3
   e - Cause Fear                     Hexes                        4
   f - Leda's Liquefaction            Hexes/Earth                  4
 A - a book of Flames

   Spells                             Type                      Level
   a - Flame Tongue                   Conjuration/Fire             1
   b - Throw Flame                    Conjuration/Fire             2
   c - Conjure Flame                  Conjuration/Fire             3
   d - Inner Flame                    Hexes/Fire                   3
   e - Sticky Flame                   Conjuration/Fire             4
   f - Fireball                       Conjuration/Fire             5
Comestibles
 d - 14 rations
 M - 8 chunks of flesh


   Skills:
 + Level 2.5 Fighting
 + Level 3.4 Short Blades
 * Level 1.4 Throwing
 * Level 5.2 Dodging
 + Level 3.4 Stealth
 + Level 2.2 Shields
 + Level 8.1 Spellcasting
 + Level 7.3 Conjurations
 + Level 1.1 Hexes
 + Level 5.1 Summonings
 + Level 1.7 Translocations
 + Level 2.3 Ice Magic
 + Level 0.7 Air Magic
 + Level 0.4 Earth Magic
 + Level 1.2 Poison Magic


You had 5 spell levels left.
You knew the following spells:

 Your Spells              Type           Power        Failure   Level  Hunger
a - Magic Dart            Conj           ####         1%          1    None
b - Call Imp              Summ           ####....     1%          2    None
c - Blink                 Tloc           N/A          6%          2    None
d - Mephitic Cloud        Conj/Pois/Air  ###.....     1%          3    None
e - Slow                  Hex            ##......     8%          2    None
f - Freeze                Ice            ###.         1%          1    None
g - Sting                 Conj/Pois      ####         1%          1    None
h - Stone Arrow           Conj/Erth      ####..       1%          3    None
i - Fireball              Conj/Fire      #####.....   13%         5    #####..


Dungeon Overview and Level Annotations

Branches:
Dungeon (10/15)            Temple (0/1) D:6            Lair (0/6) D:10
    Orc: D:9-12

Altars:
Cheibriados
Dithmenos
Fedhas
Hepliaklqana
Kikubaaqudgha
Makhleb
Nemelex Xobeh
Okawaru
Uskayaw
Vehumet
Wu Jian
Xom

Shops:
D:5 !   D:7 :

Annotations:
D:10 Psyche


Innate Abilities, Weirdness & Mutations

You have a pair of large horns on your head.
You are partially covered in iridescent scales. (AC +2)
Your flesh is cold resistant. (rC+)
You are slightly more attuned to the shadows.
You possess an exceptional clarity of mind.
You are somewhat resistant to further mutation.


Message History

The stone arrow hits the two-headed ogre.
The two-headed ogre is severely wounded.
Casting: Stone Arrow
Confirm with . or Enter, or press ? or * to list all spells.
Aiming: Stone Arrow
Press: ? - help, Shift-Dir - straight line, f/p - two-headed ogre
Aim: a two-headed ogre, wielding two giant clubs (almost dead, poisoned)
You miscast Stone Arrow.
You are very lightly contaminated with residual magic.
You feel earthy.
The two-headed ogre hits you with a giant club!
The two-headed ogre hits you with a giant club.
Casting: Stone Arrow
Confirm with . or Enter, or press ? or * to list all spells.
Aiming: Stone Arrow
Press: ? - help, Shift-Dir - straight line, f/p - two-headed ogre
Aim: a two-headed ogre, wielding two giant clubs (almost dead, poisoned)
The stone arrow misses the two-headed ogre.
The two-headed ogre hits you with a giant club!!
You die...

... #......# ....#
#.#..... #.#.......#..
##.#.....
#............##........
#.............#.#.#.#..
#......................
..............<......##
#.....O...............
#...@...........##.##
##..............##.##
#####..............#
#..............#
#####.......§.##.#
#................#
#.........≈≈.§....
#........≈≈≈≈≈≈...
#(.......§≈.≈≈§§#.


You could see a two-headed ogre.

Vanquished Creatures
  A two-headed ogre (D:9)
  Maurice (D:9)
  A hippogriff (D:7)
  A hell hound (D:9)
  4 sky beasts
  2 black bears
  3 orc warriors
  2 ice beasts
  An ogre (D:9)
  2 centaurs
  Blork the orc (D:5)
  2 bullfrogs (D:7)
  A wyvern zombie (D:10)
  A gnoll sergeant (D:7)
  4 scorpions
  16 killer bees
  2 howler monkeys (D:9)
  A crimson imp (D:8)
  A centaur skeleton (D:8)
  A gnoll shaman (D:5)
  6 orc priests
  3 iguanas
  8 orc wizards
  9 worker ants
  2 hound skeletons
  2 adders
  11 gnolls
  3 oozes
  2 adder zombies (D:1)
  An adder skeleton (D:4)
  3 worms
  9 leopard geckos
  18 orcs
  4 giant cockroaches
  6 goblins
  2 hobgoblins
  2 jackals (D:4)
  5 quokkas
  A ball python (D:1)
  3 bats
  10 frilled lizards
  3 kobolds
  10 rats
171 creatures vanquished.

Vanquished Creatures (collateral kills)
  A hippogriff (D:7)
  A sky beast (D:2)
  An orc warrior (D:6)
  An ice beast (D:5)
  A centaur (D:8)
  A big kobold (D:9)
  A killer bee (D:9)
  2 scorpions
  2 howler monkeys
  A crimson imp (D:7)
  A bullfrog zombie (D:7)
  6 orc wizards
  3 orc priests
  A hound (D:6)
  2 iguanas
  5 worker ants
  A worker ant zombie (D:7)
  5 gnolls
  5 adders
  A shadow imp (D:6)
  2 oozes (D:1)
  A dart slug (D:1)
  A leopard gecko (D:1)
  11 orcs
  2 ball pythons (D:2)
  2 bats
  A giant cockroach (D:2)
  4 goblins
  A hobgoblin (D:2)
  3 jackals (D:1)
  6 kobolds
  A quokka (D:6)
  4 frilled lizards
  2 rats
83 creatures vanquished.

Vanquished Creatures (others)
  A killer bee (D:8)
  An orc wizard (D:5)
2 creatures vanquished.

Grand Total: 256 creatures vanquished

Notes
Turn   | Place    | Note
-------+----------+-------------------------------------------
     0 | D:1      | beigtais the Demonspawn Wizard began the quest for the Orb.
     0 | D:1      | Reached XP level 1. HP: 13/13 MP: 4/4
   222 | D:1      | Gained mutation: You have a pair of small horns on your head. [demonic ancestry]
   222 | D:1      | Reached XP level 2. HP: 11/19 MP: 0/6
   523 | D:1      | Learned a level 2 spell: Call Imp
   526 | D:1      | Learned a level 2 spell: Blink
   737 | D:1      | Reached skill level 1 in Translocations
  1159 | D:1      | Gained mutation: You have a pair of horns on your head. [demonic ancestry]
  1159 | D:1      | Reached XP level 3. HP: 24/24 MP: 2/7
  2626 | D:2      | Gained mutation: You are partially covered in iridescent scales. (AC +2) [demonic ancestry]
  2626 | D:2      | Reached XP level 4. HP: 30/30 MP: 2/9
  2731 | D:2      | Noticed a sky beast
  2759 | D:2      | Killed a sky beast
  2822 | D:2      | Found an ancient bone altar of Kikubaaqudgha.
  2822 | D:2      | Found a blossoming altar of Fedhas.
  3585 | D:3      | Gained mutation: Your flesh is heat resistant. (rF+) [potion of mutation]
  3585 | D:3      | Gained mutation: You are robust. (+10% HP) [potion of mutation]
  3585 | D:3      | Gained mutation: You are resistant to hostile enchantments. (MR+) [potion of mutation]
  3586 | D:3      | Lost mutation: Your flesh is heat resistant. (rF+) [potion of mutation]
  3586 | D:3      | Lost mutation: You are robust. (+10% HP) [potion of mutation]
  3586 | D:3      | Lost mutation: You are resistant to hostile enchantments. (MR+) [potion of mutation]
  3586 | D:3      | Gained mutation: You possess an exceptional clarity of mind. [potion of mutation]
  3586 | D:3      | Gained mutation: You are somewhat resistant to further mutation. [potion of mutation]
  4140 | D:3      | Gained mutation: Your flesh is cold resistant. (rC+) [demonic ancestry]
  4140 | D:3      | Reached XP level 5. HP: 30/36 MP: 0/10
  4715 | D:3      | Learned a level 3 spell: Mephitic Cloud
  4718 | D:3      | Learned a level 2 spell: Slow
  5111 | D:4      | Found a shadowy altar of Dithmenos.
  5113 | D:4      | Found a hazy altar of Hepliaklqana.
  5260 | D:4      | Reached skill level 1 in Throwing
  5301 | D:4      | Found a snail-covered altar of Cheibriados.
  5315 | D:4      | Found a radiant altar of Vehumet.
  5339 | D:4      | Became a worshipper of Vehumet
  5387 | D:4      | Reached skill level 1 in Short Blades
  5440 | D:4      | Found a sparkling altar of Nemelex Xobeh.
  5487 | D:4      | Reached skill level 4 in Spellcasting
  5646 | D:4      | Gained mutation: You have a pair of large horns on your head. [demonic ancestry]
  5646 | D:4      | Reached XP level 6. HP: 33/42 MP: 8/12
  6024 | D:5      | Entered Level 5 of the Dungeon
  6281 | D:5      | Found Zefy's Distillery.
  6319 | D:5      | Noticed an ice beast
  6383 | D:5      | Killed an ice beast
  6561 | D:5      | Reached skill level 1 in Fighting
  6859 | D:5      | Noticed Blork the orc
  6877 | D:5      | Killed Blork the orc
  7273 | D:5      | Found a shimmering altar of Xom.
  7445 | D:5      | Reached XP level 7. HP: 24/48 MP: 8/13
  8227 | D:6      | Reached * piety under Vehumet
  8227 | D:6      | Offered knowledge of Freeze by Vehumet.
  8386 | D:6      | Found a staircase to the Ecumenical Temple.
  8528 | D:6      | Reached skill level 5 in Spellcasting
  8680 | D:6      | Found an ornate altar of the Wu Jian Council.
  8684 | D:6      | Got a transparent buckler
  8775 | D:6      | Identified the +4 buckler "Usoricuiwo" {rElec} (You found it on level 6 of the Dungeon)
  8901 | D:6      | Reached skill level 1 in Shields
  9690 | D:7      | Learned a level 1 spell: Freeze
  9692 | D:7      | Reached XP level 8. HP: 55/56 MP: 11/16
  9842 | D:7      | Found a hide-covered altar of Uskayaw.
  9874 | D:7      | Noticed a hippogriff
  9897 | D:7      | Killed a hippogriff
  9897 | D:7      | Reached skill level 6 in Spellcasting
 10056 | D:7      | Offered knowledge of Sting by Vehumet.
 10341 | D:7      | Learned a level 1 spell: Sting
 10348 | D:7      | Found a burning altar of Makhleb.
 10355 | D:7      | Noticed a hippogriff
 10371 | D:7      | Killed a hippogriff
 10371 | D:7      | Reached ** piety under Vehumet
 10611 | D:7      | Reached XP level 9. HP: 61/61 MP: 12/19
 10702 | D:7      | Got a steaming dagger
 10806 | D:7      | Found Fumeod's Book Shop.
 10865 | D:7      | Reached skill level 1 in Ice Magic
 11117 | D:7      | Identified the +7 dagger of Mirghom {venom, rC+ Str+5 Stlth+} (You found it on level 7 of the Dungeon)
 11159 | D:8      | Reached skill level 5 in Conjurations
 11181 | D:8      | Reached skill level 7 in Spellcasting
 11224 | D:8      | Reached skill level 1 in Poison Magic
 11555 | D:8      | Offered knowledge of Stone Arrow by Vehumet.
 11588 | D:8      | Learned a level 3 spell: Stone Arrow
 11713 | D:8      | Found an iron altar of Okawaru.
 12016 | D:8      | Reached *** piety under Vehumet
 12378 | D:9      | Offered knowledge of Olgreb's Toxic Radiance by Vehumet.
 12658 | D:9      | Noticed a two-headed ogre
 12709 | D:9      | Killed a two-headed ogre
 12709 | D:9      | Reached skill level 5 in Summonings
 12709 | D:9      | Gained mutation: You are slightly more attuned to the shadows. [demonic ancestry]
 12709 | D:9      | Reached XP level 10. HP: 56/68 MP: 21/21
 12817 | D:9      | Learned a level 5 spell: Fireball
 13356 | D:9      | Reached skill level 1 in Hexes
 13407 | D:10     | Entered Level 10 of the Dungeon
 13570 | D:10     | Found a staircase to the Lair.
 13701 | D:10     | Noticed a gargoyle
 13708 | D:10     | Noticed Maurice
 13725 | D:10     | Paralysed by Maurice for 6 turns
 13731 | D:10     | Noticed Psyche
 13741 | D:9      | Paralysed by Maurice for 6 turns
 13879 | D:9      | Killed Maurice
 13879 | D:9      | Reached skill level 5 in Dodging
 13879 | D:9      | Reached skill level 8 in Spellcasting
 14441 | D:10     | Noticed a two-headed ogre
 14451 | D:10     | Slain by a two-headed ogre

Skill      XL: |  1  2  3  4  5  6  7  8  9 10 |
---------------+-------------------------------+-----
Dodging        | 2 3 4 5 |  5.2
Translocations | 1 |  1.7
Stealth        | 2 3 |  3.4
Conjurations   | 2 3 4 6 7 |  7.3
Summonings     | 2 3 4 5 |  5.1
Throwing       | 1 |  1.4
Short Blades   | 1 2 3 |  3.4
Spellcasting   | 4 5 6 7 8 |  8.1
Fighting       | 1 2 |  2.5
Shields        | 1 2 |  2.2
Ice Magic      | 2 |  2.3
Poison Magic   | 1 |  1.2
Hexes          | 1 |  1.1
Air Magic      | |  0.7
Earth Magic    | |  0.4

Action                   |  1- 3 |  4- 6 |  7- 9 | 10-12 || total
-------------------------+-------+-------+-------+-------++-------
Melee: Unarmed           |     5 |       |       |       ||     5
       Short sword       |    32 |   102 |   109 |       ||   243
       Headbutt          |     3 |     8 |    26 |     4 ||    41
       Dagger            |       |       |    67 |    25 ||    92
 Fire: Blowgun           |       |     5 |       |       ||     5
Throw: Stone             |     3 |     2 |     1 |       ||     6
       Tomahawk          |       |     3 |     5 |       ||     8
 Cast: Magic Dart        |    50 |    66 |    30 |     6 ||   152
       Call Imp          |    26 |    61 |    75 |    15 ||   177
       Blink             |     1 |     3 |     5 |     1 ||    10
       Mephitic Cloud    |       |     4 |    20 |     6 ||    30
       Slow              |       |     1 |     4 |     5 ||    10
       Freeze            |       |       |    40 |     3 ||    43
       Sting             |       |       |    18 |    15 ||    33
       Stone Arrow       |       |       |    18 |    26 ||    44
       Fireball          |       |       |       |     2 ||     2
  Use: Scroll            |     7 |    10 |     4 |     2 ||    23
       Potion            |       |     4 |     3 |     1 ||     8
 Stab: Sleeping          |     6 |     5 |     3 |     1 ||    15
       Distracted        |       |     1 |     1 |       ||     2
       Confused          |       |       |     6 |       ||     6
  Eat: Chunk             |     6 |    15 |    16 |     1 ||    38
       Ration            |       |       |     1 |     1 ||     2
Armor: Robe              |    13 |    22 |    61 |     6 ||   102
Dodge: Dodged            |    37 |    36 |   103 |    13 ||   189
Block: Buckler           |       |       |    58 |    12 ||    70
